 Dungeon Crawl Stone Soup version 0.30-a0-1161-g0704695555 (webtiles) character file.

Game seed: 856782225255749943

434 cheesebisquit the Chopper (level 7, -2/60 HPs)
             Began as a Hill Orc Fighter on Apr 27, 2023.
             Shot with an arrow by a centaur (11 damage)
             ... on level 5 of the Dungeon.
             The game lasted 00:09:37 (3778 turns).

cheesebisquit the Chopper (Hill Orc Fighter)        Turns: 3778, Time: 00:09:38

Health: -2/60      AC: 15    Str: 21    XL:     7   Next: 0%
Magic:  7/7        EV: 10    Int:  8    God:
Gold:   58         SH:  4    Dex: 10    Spells: 6/6 levels left

rFire   . . .        a - +0 war axe
rCold   . . .        c - +0 buckler
rNeg    . . .        b - +0 scale mail
rPois   .            l - +0 helmet
rElec   .            r - +1 cloak
rCorr   .            B - +2 pair of gloves
SInv    .            o - +0 pair of boots
Will    .....        (no amulet) Stlth
                     j - ring of flight
HPRegen 0.30/turn    (no ring)
MPRegen 0.10/turn

%: no passive effects
@: mighty, flying
A: no striking features
a: no special abilities


You were on level 5 of the Dungeon.
You visited 2 branches of the dungeon, and saw 6 of its levels.

You collected 193 gold pieces.
You spent 135 gold pieces at shops.

Inventory:

Hand Weapons
 a - a +0 war axe (weapon)
Missiles
 s - 5 boomerangs (quivered)
Armour
 b - a +0 scale mail (worn)
 c - a +0 buckler (worn)
 l - a +0 helmet (worn)
 o - a +0 pair of boots (worn)
 r - a +1 cloak (worn)
 B - a +2 pair of gloves (worn)
Jewellery
 j - a ring of flight (left hand)
 v - the ring of Honesty {Str+2 Dex+6}
   (You found it on level 3 of the Dungeon)

   [ring of dexterity]

   Str:       It affects your strength (+2).
   Dex:       It affects your dexterity (+6).
 x - a +6 ring of strength
Wands
 D - a wand of mindburst (23)
Scrolls
 e - 5 scrolls of identify {unknown}
 f - 2 scrolls of brand weapon {unknown}
 g - 2 scrolls of enchant weapon {unknown}
 h - 2 scrolls of poison {unknown}
 k - a scroll of teleportation {unknown}
 n - a scroll of acquirement {unknown}
 t - a scroll of amnesia {unknown}
 u - a scroll of butterflies {unknown}
 w - a scroll of fear {unknown}
 y - a scroll of immolation {unknown}
 A - a scroll of fog {unknown}
Potions
 i - a potion of attraction {unknown}
 m - 2 potions of heal wounds {unknown}
 p - a potion of curing {unknown}
 q - a potion of mutation {unknown}
 z - a potion of lignification {unknown}
 C - a potion of resistance {unknown}


   Skills:
 + Level 4.9 Fighting
 * Level 6.0 Axes
 + Level 4.5 Armour
 + Level 2.1 Dodging
 + Level 4.4 Shields


You had 6 spell levels left.
You didn't know any spells.
Your spell library contained the following spells:

 Spells                   Type           Power      Damage    Failure   Level
 Gell's Gravitas          Tloc           0%         N/A       99%         3
 Teleport Other           Tloc           0%         N/A       99%         3
 Summon Forest            Summ/Tloc      0%         N/A       100%        5
 Dispersal                Tloc           0%         N/A       100%        6
 Eringya's Noxious Bog    Tmut/Pois      0%         N/A       100%        6
 Summon Hydra             Summ           0%         N/A       100%        7


Dungeon Overview and Level Annotations

Branches:
Dungeon (5/15)             Temple (1/1) D:4

Altars:
Ashenzari
Dithmenos
Elyvilon
Gozag
Hepliaklqana
Makhleb
Qazlal
Ru
Sif Muna
Zin
The Shining One

Shops:
D:4 *[

Annotations:
D:3 2 runed translucent doors, retardedninja's ghost, amateur GnFE


Message History

You kill the orc!
No target in view!
No target in view!
No target in view!
No target in view!
You see here a +0 club.
You now have enough gold to buy a scroll labelled BUSSIOROGE on D:4, buy a scroll labelled NERYD DIQE on D:4, or buy a scroll labelled YPLYES REITUT on D:4.
You can access your shopping list by pressing '$'.
You now have 31 gold pieces (gained 5).
You now have 40 gold pieces (gained 9).
Found an escape hatch in the floor.
An adder comes into view.
You slash the adder!
You kill the adder!
Your Axes skill increases to level 6!
You have reached level 7!
You now have enough gold to buy 2 dark potions on D:4.
You can access your shopping list by pressing '$'.
You now have 58 gold pieces (gained 18).
A centaur comes into view.
The centaur moves out of view.
The centaur wields a +2 shortbow of freezing.
It is covered in frost.
The centaur shoots an arrow.
The arrow hits you! The arrow freezes you.
The centaur shoots an arrow.
The arrow hits you. The arrow freezes you.
The centaur shoots an arrow.
The arrow hits you! The arrow freezes you.
The centaur shoots an arrow.
The arrow hits you! The arrow freezes you.
The centaur shoots an arrow.
The arrow hits you!
* * * LOW HITPOINT WARNING * * *
The arrow freezes you.
* * * LOW HITPOINT WARNING * * *
You are too injured to fight recklessly!
You are too injured to fight recklessly!
You are too injured to fight recklessly!
You are too injured to fight recklessly!
You feel very mighty all of a sudden.
The centaur shoots an arrow.
The arrow misses you.
Found a stone staircase leading down.
The centaur shoots an arrow.
The arrow hits you!
You die...

#.# #.# > #.# ..# #.#
....##### #.#
.....c..# #.#
#...@#########.#
###.........##.######
####.####..#.##...#
#... ##....#...#
###...###......#
##...........
##......#>##
#......#.# #......#..


You could see a centaur.

Vanquished Creatures
  Menkaure (D:4)
  2 scorpions
  A jelly (D:4)
  Crazy Yiuf (D:2)
  Natasha (twice) (D:2)
  3 adders
  A worm (D:4)
  3 dart slugs
  3 orcs
  3 ball pythons
  6 bats
  4 endoplasms
  5 goblins
  9 hobgoblins
  8 jackals
  3 frilled lizards
  5 kobolds
  9 rats
  A bush (D:3)
70 creatures vanquished.

Notes
Turn   | Place    | Note
-------+----------+-------------------------------------------
     0 | D:1      | cheesebisquit the Hill Orc Fighter began the quest for the
                  | Orb.
     0 | D:1      | Reached XP level 1. HP: 19/19 MP: 1/1
   175 | D:1      | Reached skill level 3 in Axes
   194 | D:1      | Reached XP level 2. HP: 27/27 MP: 2/2
   487 | D:2      | Reached XP level 3. HP: 28/33 MP: 3/3
   537 | D:2      | Noticed Natasha
   547 | D:2      | Killed Natasha
   551 | D:2      | Reached XP level 4. HP: 29/40 MP: 4/4
   644 | D:2      | Found a runed translucent door.
   645 | D:2      | Noticed Crazy Yiuf
   959 | D:2      | Noticed Natasha
   968 | D:2      | Killed Natasha
   969 | D:2      | Reached skill level 4 in Axes
   969 | D:2      | Reached skill level 1 in Dodging
  1277 | D:2      | Killed Crazy Yiuf
  1448 | D:3      | Noticed a scorpion
  1543 | D:3      | Reached XP level 5. HP: 46/46 MP: 5/5
  1608 | D:3      | Identified the ring of Honesty {Str+2 Dex+6}
  1857 | D:3      | Found a shadowy altar of Dithmenos.
  1896 | D:3      | Reached skill level 5 in Axes
  1982 | D:3      | Found a glowing silver altar of Zin.
  2014 | D:3      | Found a runed translucent door.
  2015 | D:3      | Noticed retardedninja's ghost (amateur GnFE)
  2246 | D:3      | Found a runed translucent door.
  2501 | D:4      | Found Vexkas's Assorted Antiques.
  2533 | D:4      | Noticed Menkaure
  2536 | D:4      | Killed Menkaure
  2537 | D:4      | Reached XP level 6. HP: 39/53 MP: 6/6
  2597 | D:4      | Found Ugeo's Antique Armour Boutique.
  2606 | D:4      | Bought a pair of embroidered gloves for 135 gold pieces
  3341 | D:4      | Found a staircase to the Ecumenical Temple.
  3354 | Temple   | Entered the Ecumenical Temple
  3669 | D:5      | Entered Level 5 of the Dungeon
  3758 | D:5      | Reached skill level 6 in Axes
  3758 | D:5      | Reached XP level 7. HP: 60/60 MP: 7/7
  3778 | D:5      | Shot with an arrow by a centaur

Illustrated notes

Levels and vault maps discovered:
D:1:      wander_arrival_desolate, layout_rooms, amethyst_killhole
D:2:      layout_loops_ring, uniq_natasha, uniq_crazy_yiuf_cottage
D:3:      layout_loops_cross, mainiacjoe_overflow_catwalk, zin_scriptorium,
          ebering_ghost_sewer_f, minmay_hedge_maze, minivault_14
D:4:      layout_basic, temple_hall, serial_shops, nicolae_lakefront_shop, shop,
          uniq_menkaure
D:5:      layout_basic
Temple:   hellmonk_temple_forest_ring

Skill      XL: |  1  2  3  4  5  6 |
---------------+-------------------+-----
Axes           | 3 4 5 6 |  6.0
Fighting       | 4 |  4.9
Dodging        | 1 2 |  2.1
Armour         | 4 |  4.5
Shields        | 4 |  4.4

Action                     |  1- 3 |  4- 6 |  7- 9 || total
---------------------------+-------+-------+-------++-------
  Melee: War axe           |    60 |   174 |       ||   234
  Throw: Boomerang         |       |     1 |       ||     1
    Use: Potion            |       |       |     1 ||     1
 Armour: Scale mail        |    35 |    63 |       ||    98
  Dodge: Dodged            |    26 |    56 |     1 ||    83
  Block: Buckler           |    19 |    28 |       ||    47

Table legend: (Time is in decaauts)
 A = Elapsed time spent in this place.
 B = Non-inter-level travel time spent in this place.
 C = Inter-level travel time spent in this place.
 D = Time resting spent in this place.
 E = Time spent auto-exploring this place.
 F = Levels seen in this place.
 G = Mean time per level.
                   A        B        C        D        E       F      G
               +--------+--------+--------+--------+--------+-----+--------+
         Total |   3842 |   3611 |    231 |      0 |   2958 |   6 |  640.3 |
       Dungeon |   3677 |   3459 |    218 |      0 |   2816 |   5 |  735.4 |
        Temple |    164 |    151 |     13 |      0 |    142 |   1 |  164.0 |
               +--------+--------+--------+--------+--------+-----+--------+

Top non-repeatable levels by time:
     D:4: 1137 daAuts
     D:2: 971 daAuts
     D:3: 946 daAuts
     D:1: 512 daAuts
  Temple: 164 daAuts
     D:5: 109 daAuts
